 Dungeon Crawl Stone Soup version 0.14.1 (webtiles) character file.

638 4tharraofdagon the Chopper (level 6, -1/57 HPs)
             Began as a Deep Dwarf Gladiator on Apr 30, 2014.
             Slain by a killer bee (7 damage)
             ... on Level 7 of the Dungeon.
             The game lasted 00:06:20 (964 turns).

4tharraofdagon the Chopper (Deep Dwarf Gladiator)    Turns: 964, Time: 00:06:20

HP  -1/57        AC  8     Str 18      XL: 6   Next: 87%
MP   6/6         EV 10     Int 11      God:
Gold 156         SH  0     Dex 13      Spells:  0 memorised,  5 levels left

rFire  . . .     SeeInvis .     a - +0 war axe
rCold  . . .     Clarity  .     g - +0 ring mail
rNeg   . . .     Conserve .     (no shield)
rPois  .         rCorr    .     c - +0 helmet
rElec  .         rRot     .     (no cloak)
SustAb . .       Spirit   .     (no gloves)
rMut   .         Warding  .     t - +0 pair of boots
Saprov . . .     Stasis   .     (no amulet)
MR     .....                    (no ring)
                                (no ring)

@: non-regenerating, not resistant to hostile enchantments, extremely unstealthy
A: damage resistance, recharge devices, sense surroundings 1, slow healing 3
a: Device Recharging


You were on level 7 of the Dungeon.
You were not hungry.

You visited 1 branch of the dungeon, and saw 7 of its levels.

You collected 156 gold pieces.

Inventory:

Hand weapons
 a - a +0,+0 war axe (weapon)
Missiles
 i - 6 needles of paralysis
Armour
 b - a +0 leather armour
 c - a +0 helmet (worn)
 g - a +0 ring mail (worn)
 t - a +0 pair of boots (worn)
Magical devices
 e - a wand of heal wounds (4)
Comestibles
 d - a meat ration
 f - 3 bread rations
Scrolls
 h - a scroll of recharging {unknown}
 j - a scroll of teleportation {unknown}
 n - 2 scrolls of remove curse {unknown}
 o - a scroll of noise {unknown}
 p - 2 scrolls of identify
 r - a scroll of immolation {unknown}
 u - 2 scrolls of amnesia {unknown}
Potions
 k - 2 potions of might {unknown}
 m - a potion of confusion
 s - a potion of degeneration {unknown}


   Skills:
 + Level 3.7 Fighting
 * Level 6.3 Axes
 - Level 1.7 Throwing
 + Level 3.8 Armour
 - Level 3.2 Dodging


You had 5 spell levels left.
You didn't know any spells.

Dungeon Overview and Level Annotations

Branches:
Dungeon (7/15)
 Temple: D:4-7

Altars:
Okawaru
Xom


Innate Abilities, Weirdness & Mutations

You are resistant to damage.
You can recharge devices by infusing magical energy.
You passively map a small area around you.
You do not heal naturally.


Message History

Your +0 pair of boots unmelds from your body.
Your +0 ring mail unmelds from your body.
The killer bee barely misses you.
The killer bee stings you but does no damage.
The killer bee stings you.
You miss the killer bee.
The killer bee is severely wounded.
You are no longer poisoned.
The killer bee stings you.
* * * LOW HITPOINT WARNING * * *
The killer bee completely misses you.
Unknown command.
Throwing (i - inventory):
l - a throwing net (quivered)
Press: ? - help, Shift-Dir - straight line, f - killer bee
Aim: a killer bee (severely wounded)
You throw a throwing net. The throwing net hits the killer bee.
The killer bee darts out from under the net!
The killer bee is severely wounded.
The killer bee barely misses you. The killer bee stings you!
You die...

...........#######.#
........(........+ # *
..........%......#
.........).####..#,* , ,
...........# #..# * ,
...........# #..# ###.*
, ##....#(#### #..#
..... _
#....#%#######..#......#
> *
#....#)........@kk.....#
≈ * #.
#..........#a.....# * #
############,####., , ,,
, , , , * * , , , * , ,
, * * * , , * * ,


You could see a worker ant and 2 killer bees.

Vanquished Creatures
  3 giant frogs
  A big kobold (D:7)
  2 killer bees (D:7)
  An orc priest (D:5)
  A worker ant (D:3)
  3 adders
  A gnoll (D:5)
  2 giant geckos
  5 orcs (D:5)
  4 bats
  3 hobgoblins (D:5)
  A giant cockroach (D:5)
  4 giant newts
  6 goblins
  7 kobolds
  4 rats
  A rat skeleton (D:5)
49 creatures vanquished.

Notes
Turn   | Place    | Note
--------------------------------------------------------------
     0 | D:1      | 4tharraofdagon, the Deep Dwarf Gladiator, began the quest for the Orb.
     0 | D:1      | Reached XP level 1. HP: 19/19 MP: 1/1
    99 | D:2      | Reached XP level 2. HP: 24/26 MP: 2/2
   199 | D:2      | Reached skill level 1 in Armour
   221 | D:2      | Reached skill level 4 in Axes
   221 | D:2      | Reached XP level 3. HP: 19/32 MP: 3/3
   352 | D:5      | Entered Level 5 of the Dungeon
   371 | D:5      | Reached XP level 4. HP: 23/40 MP: 4/4
   450 | D:5      | Found a shimmering altar of Xom.
   764 | D:5      | Found an iron altar of Okawaru.
   814 | D:6      | Noticed a giant frog
   822 | D:6      | Killed a giant frog
   822 | D:6      | Reached skill level 5 in Axes
   822 | D:6      | Reached XP level 5. HP: 23/49 MP: 5/5
   849 | D:7      | HP: 2/49 [giant frog (5)]
   853 | D:7      | Reached XP level 6. HP: 21/56 MP: 6/6
   918 | D:7      | Reached skill level 6 in Axes
   964 | D:7      | Slain by a killer bee

Action                   |  1- 3 |  4- 6 || total
-------------------------+-------+-------++-------
Melee: War axe           |    52 |   103 ||   155
Throw: Throwing net      |     4 |     5 ||     9
Evoke: Wand              |       |     1 ||     1
  Use: Potion            |       |     3 ||     3
       Scroll            |       |     1 ||     1
 Stab: Held in net/web   |       |     2 ||     2
